 Dungeon Crawl Stone Soup version 0.27-a0-1529-g1e82c303ef (webtiles) character file.

Game seed: 16687294775280783498

106497 Lemonice the Impaler (level 16, 0/125 HPs)
             Began as a Merfolk Ice Elementalist on July 12, 2021.
             Was the Champion of the Shining One.
             Succumbed to a green very ugly thing's poison
             ... on level 2 of the Abyss.
             The game lasted 01:53:59 (39250 turns).

Lemonice the Impaler (Merfolk Ice Elementalist)    Turns: 39250, Time: 01:53:59

Health: 0/125      AC: 11    Str: 19    XL:     16   Next: 44%
Magic:  1/29       EV: 22    Int: 14    God:    the Shining One [******]
Gold:   725        SH: 11    Dex: 20    Spells: 11/34 levels left

rFire    . . .     SeeInvis .   v - +2 trident (flame)
rCold    + . .     Faith    .   y - +0 buckler
rNeg     + + +     Spirit   .   B - +2 robe {rC+}
rPois    .         Reflect  +   H - +0 helmet
rElec    .         Harm     .   C - +1 cloak
rCorr    .         Rampage  .   W - +2 pair of gloves {Str+3}
Will     ++...                  L - +0 pair of boots
Stlth    +.........             l - amulet of reflection
HPRegen  0.30/turn              f - +6 ring of dexterity
MPRegen  0.21/turn              g - ring of Fedhas's Whim {+Blink Fly Will+}

@: lethally poisoned (0 -> -78), unable to drink, flying, glowing
A: no potions, (nimble swimmer 2), mertail
a: Renounce Religion, Evoke Blink, Divine Shield, Cleansing Flame, Summon Divine
Warrior, Brand Weapon With Holy Wrath


You were on level 2 of the Abyss.
You worshipped the Shining One.
The Shining One was exalted by your worship.
You visited 4 branches of the dungeon, and saw 22 of its levels.
You visited the Abyss 1 time.
You also visited: Ossuary, Bailey and Volcano.

You collected 2589 gold pieces.
You spent 1864 gold pieces at shops.

Inventory:

Hand Weapons
 v - a +2 trident of flaming (weapon)
Missiles
 u - 3 throwing nets
Armour
 x - a +2 robe of positive energy
 y - a +0 buckler (worn)
 B - a +2 robe of cold resistance (worn)
 C - a +1 cloak (worn)
 H - a +0 helmet (worn)
 L - a +0 pair of boots (worn)
 W - a +2 pair of gloves of strength (worn)
Magical Staves
 i - a staff of cold
Jewellery
 f - a +6 ring of dexterity (left hand)
 g - the ring of Fedhas's Whim (right hand) {+Blink Fly Will+}
   (You acquired it on level 1 of the Orcish Mines)

   [ring of flight]

   Fly:       It grants you flight.
   +Blink:    It lets you blink.
   Will:      It increases your willpower.
 l - an amulet of reflection (around neck)
 F - a ring of wizardry
 R - a ring of resist corrosion
 T - a +4 ring of slaying
 U - an amulet of the acrobat
Wands
 n - a wand of paralysis (32)
 t - a wand of flame (88)
 E - a wand of iceblast (27)
 Q - a wand of digging (10)
 Y - a wand of charming (4)
Scrolls
 d - 6 scrolls of enchant armour
 h - 8 scrolls of fear
 j - 6 scrolls of identify
 m - 6 scrolls of enchant weapon
 o - 5 scrolls of amnesia
 q - 6 scrolls of teleportation
 w - 2 scrolls of silence
 D - a scroll of blinking
 G - a scroll of immolation
 K - a scroll of acquirement
 N - 2 scrolls of vulnerability
 P - 2 scrolls of holy word
 S - a scroll of fog
Potions
 b - 4 potions of lignification
 c - 5 potions of haste
 e - 2 potions of invisibility
 k - 2 potions of might
 p - 2 potions of attraction
 r - 8 potions of curing
 s - 5 potions of heal wounds
 z - 4 potions of berserk rage
 A - 3 potions of resistance
 I - 7 potions of brilliance
 J - a potion of magic
 O - 3 potions of cancellation
 V - a potion of mutation
 Z - a potion of ambrosia
Miscellaneous
 a - a box of beasts
 M - a tin of tremorstones (2/2)


   Skills:
 + Level 11.1 Fighting
 * Level 18.9 Polearms
 + Level 13.4 Dodging
 - Level 2.1 Stealth
 - Level 5.0 Shields
 + Level 9.9 Spellcasting
 - Level 6.6 Conjurations
 + Level 5.4 Hexes
 * Level 15.8 Ice Magic


You had 11 spell levels left.
You knew the following spells:

 Your Spells              Type           Power      Damage    Failure   Level
a - Freeze                Ice            100%       1d11      0%          1
b - Frozen Ramparts       Ice            100%       1d12      1%          3
c - Ozocubu's Armour      Ice            50%        N/A       1%          3
d - Hailstorm             Conj/Ice       38%        3d9       1%          4
e - Metabolic Englaciati  Hex/Ice        18%        N/A       3%          5
f - Ozocubu's Refrigerat  Ice            25%        4d10      13%         7

Your spell library contained the following spells:

 Spells                   Type           Power      Damage    Failure   Level
 Magic Dart               Conj           100%       1d8       1%          1
 Searing Ray              Conj           50%        3d5       1%          2
 Dazzling Flash           Conj/Hex       46%        N/A       2%          3
 Fulminant Prism          Conj/Hex       11%        3d9       9%          4
 Animate Skeleton         Necr           12%        N/A       11%         1
 Pain                     Necr           24%        1d5       11%         1
 Sandblast                Erth           12%        2d6       11%         1
 Mephitic Cloud           Conj/Pois/Air  13%        N/A       13%         3
 Passwall                 Tmut/Erth      5%         N/A       16%         2
 Ignite Poison            Fire/Tmut/Pois 6%         N/A       32%         3
 Vampiric Draining        Necr           3%         2d6       32%         3
 Silence                  Hex/Air        7%         N/A       67%         5
 Animate Dead             Necr           3%         N/A       71%         4
 Olgreb's Toxic Radiance  Pois           6%         N/A       71%         4
 Petrify                  Tmut/Erth      6%         N/A       71%         4
 Bolt of Magma            Conj/Fire/Erth 6%         4d6       75%         5
 Agony                    Necr           6%         N/A       96%         5
 Borgnjor's Vile Clutch   Necr/Erth      3%         N/A       96%         5
 Lee's Rapid Deconstruct  Erth           3%         3d6*      96%         5
 Death Channel            Necr           3%         N/A       100%        6
 Dispersal                Tloc           3%         N/A       100%        6
 Statue Form              Tmut/Erth      4%         N/A       100%        6
 Disjunction              Tloc           3%         N/A       100%        8
 Ignition                 Fire           3%         3d4       100%        8


Dungeon Overview and Level Annotations

Branches:
Dungeon (13/15)            Temple (1/1) D:4            Lair (6/6) D:11
  Swamp (0/4) Lair:3       Spider (0/4) Lair:2        Slime (0/5) Lair:6
    Orc (2/2) D:12            Elf (0/3) Orc:2       Ossuary (visited)
 Bailey (visited)         Volcano (visited)
 Vaults: D:13-14

Altars:
Ashenzari
Cheibriados
Dithmenos
Elyvilon
Fedhas
Gozag
Hepliaklqana
Kikubaaqudgha
Makhleb
Nemelex Xobeh
Okawaru
Qazlal
Ru
Sif Muna
Trog
Uskayaw
Vehumet
Wu Jian
Xom
Yredelemnul
Zin
The Shining One
Beogh

Shops:
D:4 ((   D:11 *?(   Orc:1 :?*!   Orc:2 *?=

Annotations:
Lair:6 1 runed translucent door, exclusion: obsidian statue, Froggeryz's ghost, journeyman DgIE


Innate Abilities, Weirdness & Mutations

You cannot drink.
((You are quick and stealthy near water. (Stealth+, EV+, Speed+++)))
Your lower body shifts to a powerful aquatic tail in water.


Message History

The green ugly thing is moderately wounded.
The green very ugly thing is heavily wounded.
You kill the green very ugly thing!
You feel extremely sick.
You hear a horrible gurgling sound! x2
A green very ugly thing comes into view. x2
The wall freezes the green very ugly thing.
You hear a bark!
Something shouts, "Scamper hence, thou peeagling folly-fallen mule!"
Casting: Ozocubu's Refrigeration (dangerous; 14% risk of failure)
Confirm with . or Enter, or press ? or * to list all spells.
The heat is drained from your surroundings.
You feel very cold.
The green very ugly things and the green ugly thing are frozen.
The green very ugly thing is moderately wounded.
The green ugly thing is severely wounded.
The green very ugly thing is severely wounded.
The green very ugly thing is moderately wounded.
* * * LOW HITPOINT WARNING * * *
You feel extremely sick.
The wall freezes the green ugly thing!
The wall freezes the green very ugly thing.
The green very ugly thing headbutts you but does no damage.
Casting: Ozocubu's Refrigeration (dangerous; 14% risk of failure)
Confirm with . or Enter, or press ? or * to list all spells.
The heat is drained from your surroundings.
You feel very cold.
The green very ugly things are frozen.
The green very ugly thing is heavily wounded.
You kill the green very ugly thing!
The green very ugly thing is heavily wounded.
* * * LOW HITPOINT WARNING * * *
You feel extremely sick.
The wall freezes the green very ugly thing!
The green very ugly thing basks in the mutagenic energy from its kin and changes!
The wall freezes the green very ugly thing!
You cannot drink potions in your current state!
Your icy armour and frozen ramparts will break if you move.
Continue?
Your icy armour cracks and falls away as you move.
The frozen ramparts melt away as you move.
You die...

..... .##.. . . .# .
.......#.. #.... . .
.... ..#.X###..
.###.# ####....#. .
## ..#. # ...#u.# .
#. # #. ..
..##.#.u#.#.. # .
.## .
.....#.#†#...#..#..#
#? ......##.###..# #
...# #. #..@..#.#...
#..## # ##......#
..#... # # #
#.....#.... #..#
..#.#........
###..#.##.....
#..... ##... ..#..#
... ... #.#


You could see a brown very ugly thing and a green ugly thing.

Vanquished Creatures
  Jorgrun (D:13)
  2 very ugly things (Abyss:2)
  Azrael (Orc:2)
  A minotaur (Lair:2)
  3 dire elephants (Lair:6)
  An ettin (Orc:1)
  Josephine (Orc:1)
  A great orb of eyes (Abyss:2)
  Fannar (Orc:1)
  The ghost of Mateji the Geomancer, a journeyman GrEE of Sif Muna (Lair:2)
  12 hydras
  4 boulder beetles
  2 rakshasas
  The ghost of UngaStrats the Martial Artist, a journeyman DgFi (D:11)
  An ogre mage (Orc:1)
  7 two-headed ogres
  5 centaur warriors
  7 death yaks
  A hell knight (Volcano)
  2 thrashing horrors (Abyss:2)
  Sonja (D:12)
  2 skeletal warriors
  2 spectral death yaks (Lair:6)
  A spectral anaconda (Lair:6)
  3 necromancers (Lair:6)
  3 orc knights (Orc:2)
  A deep elf pyromancer (D:12)
  2 ugly things
  A guardian serpent (Abyss:2)
  A dire elephant zombie (Lair:6)
  20 elephants
  Joseph (Lair:1)
  3 torpor snails
  A dire elephant skeleton (Lair:6)
  9 black mambas
  A smoke demon (Abyss:2)
  14 cane toads
  4 molten gargoyles
  An unseen horror (D:13)
  3 gargoyles
  A yaktaur (Volcano)
  4 kobold demonologists
  5 rime drakes
  A tengu conjurer (D:13)
  7 komodo dragons
  6 trolls
  A hornet (D:9)
  3 polar bears (Lair:2)
  2 spectral elephants (Lair:6)
  Grinder (D:5)
  17 blink frogs
  8 dream sheep
  Sigmund (D:4)
  5 wyverns
  Eustachio (D:5)
  4 fire elementals (Orc:2)
  7 wraiths
  A vampire (D:11)
  56 yaks
  2 fire bats (Volcano)
  A steam dragon (Lair:3)
  7 basilisks
  A death yak simulacrum (Lair:6)
  Edmund (D:5)
  2 spectral cane toads (Lair:6)
  A warg (Orc:2)
  A large abomination (Abyss:2)
  A hell hound (Orc:2)
  14 water moccasins
  An acid dragon (D:9)
  32 orc warriors
  A sky beast (D:5)
  3 black bears
  8 ogres
  3 elephant zombies (Lair:6)
  2 necrophages
  26 centaurs
  26 wolves
  4 elephant skeletons (Lair:6)
  2 phantoms
  An elf zombie (Ossuary)
  A bullfrog (shapeshifter) (Abyss:2)
  19 bullfrogs
  A gnoll sergeant (D:4)
  2 scorpions
  6 cane toad simulacra (Lair:6)
  17 killer bees
  2 elephant simulacra (Lair:6)
  5 wights (D:8)
  5 howler monkeys
  13 lava snakes
  6 centaur zombies
  A quasit (Abyss:2)
  4 hounds
  5 orc priests
  3 gnoll shamans
  2 iguanas
  13 orc wizards
  Ijyb (D:5)
  A killer bee zombie (D:6)
  A hound zombie (D:5)
  2 mummies (Ossuary)
  Robin (D:2)
  5 adders
  31 gnolls
  2 white imps
  3 worms
  3 dart slugs
  68 orcs
  8 endoplasms
  2 giant cockroaches
  12 hobgoblins
  14 jackals
  2 quokkas
  11 ball pythons
  8 bats
  3 frilled lizards
  3 gnoll zombies (Ossuary)
  15 goblins
  7 goblin zombies
  2 hobgoblin zombies (Ossuary)
  22 kobolds
  3 orc zombies (Ossuary)
  8 rats
743 creatures vanquished.

Vanquished Creatures (others)
  25 fungi
  58 plants
  27 withered plants
110 creatures vanquished.

Grand Total: 853 creatures vanquished

Notes
Turn   | Place    | Note
-------+----------+-------------------------------------------
     0 | D:1      | Lemonice the Merfolk Ice Elementalist began the quest for
                  | the Orb.
     0 | D:1      | Reached XP level 1. HP: 13/13 MP: 3/3
   236 | D:1      | Reached XP level 2. HP: 19/19 MP: 3/5
   694 | D:1      | Found a faded altar of an unknown god.
   801 | D:1      | Reached XP level 3. HP: 6/24 MP: 0/6
  1057 | D:1      | Learned a level 3 spell: Frozen Ramparts
  1411 | D:2      | You fall into a shaft and drop 2 floors!
  1436 | D:3      | Found a blossoming altar of Fedhas.
  1442 | D:3      | Found a hide-covered altar of Uskayaw.
  1569 | D:2      | Reached skill level 5 in Ice Magic
  1569 | D:2      | Reached XP level 4. HP: 15/30 MP: 1/8
  1896 | D:2      | Reached skill level 1 in Polearms
  2138 | D:2      | Reached XP level 5. HP: 36/36 MP: 5/9
  2214 | D:2      | Learned a level 3 spell: Ozocubu's Armour
  2464 | D:2      | Identified the -5 helmet of the Sun {rPois Int-4 Dex+2
                  | SInv}
  2464 | D:2      | Noticed Robin
  2473 | D:2      | Killed Robin
  2474 | D:2      | Reached skill level 2 in Polearms
  2604 | D:2      | Reached skill level 1 in Fighting
  2997 | D:3      | Found a white marble altar of Elyvilon.
  3107 | D:3      | Reached XP level 6. HP: 43/43 MP: 3/10
  3531 | D:4      | Reached skill level 3 in Polearms
  4115 | D:4      | Found a staircase to the Ecumenical Temple.
  4126 | Temple   | Entered the Ecumenical Temple
  4358 | Temple   | Became a worshipper of the Shining One
  4584 | D:4      | Noticed a black bear
  4591 | D:4      | Killed a black bear
  4592 | D:4      | Reached skill level 4 in Polearms
  4592 | D:4      | Reached XP level 7. HP: 50/50 MP: 2/12
  5036 | D:4      | Reached skill level 5 in Dodging
  5255 | D:4      | Reached skill level 5 in Polearms
  5304 | D:4      | Noticed Sigmund
  5317 | D:4      | Killed Sigmund
  5544 | D:4      | Reached XP level 8. HP: 42/57 MP: 6/13
  5755 | D:4      | Reached skill level 6 in Polearms
  5831 | D:4      | Learned a level 4 spell: Hailstorm
  6244 | D:4      | Found Xifosup's Antique Weapon Shop.
  6285 | D:4      | Found Qoriv's Weapon Shop.
  6351 | D:5      | Entered Level 5 of the Dungeon
  6351 | D:5      | Noticed Edmund
  6352 | D:5      | Noticed Ijyb
  6384 | D:5      | Killed Ijyb
  6389 | D:5      | Killed Edmund
  6570 | D:5      | Reached * piety under the Shining One
  6571 | D:5      | Reached skill level 7 in Polearms
  6571 | D:5      | Reached skill level 1 in Conjurations
  6619 | D:5      | Found a sand-covered staircase.
  6631 | Ossuary  | Entered an ossuary
  6699 | Ossuary  | Reached ** piety under the Shining One
  6916 | D:5      | Noticed Grinder
  6918 | D:5      | Paralysed by Grinder for 5 turns
  6930 | D:5      | Killed Grinder
  6931 | D:5      | Reached XP level 9. HP: 65/65 MP: 5/15
  7086 | D:5      | Noticed Eustachio
  7095 | D:5      | Killed Eustachio
  7096 | D:5      | Reached skill level 8 in Polearms
  7992 | D:6      | Reached skill level 1 in Shields
  8055 | D:6      | Identified the +3 chain mail of Death's Door {rC+}
  8174 | D:6      | Reached *** piety under the Shining One
  8370 | D:6      | Found a snail-covered altar of Cheibriados.
  8825 | D:7      | You fall into a shaft and drop 1 floor!
  8862 | D:7      | Reached skill level 9 in Polearms
  8894 | D:7      | Reached skill level 5 in Spellcasting
  9322 | D:7      | Reached XP level 10. HP: 68/73 MP: 10/17
  9332 | D:7      | Reached skill level 5 in Fighting
  9352 | D:7      | Found a flagged portal.
  9425 | Bailey   | Entered a bailey
  9738 | Bailey   | Reached skill level 10 in Polearms
 10304 | D:7      | Found an ancient bone altar of Kikubaaqudgha.
 10681 | D:8      | Noticed a gargoyle
 10905 | D:8      | Killed a gargoyle
 11085 | D:8      | Reached **** piety under the Shining One
 11279 | D:8      | Found an opulent altar of Gozag.
 11657 | D:9      | Reached XP level 11. HP: 61/81 MP: 13/19
 11808 | D:9      | Reached skill level 11 in Polearms
 11913 | D:9      | Reached skill level 10 in Ice Magic
 11968 | D:9      | Reached skill level 5 in Shields
 12351 | D:9      | Found a shimmering altar of Xom.
 12619 | D:10     | Entered Level 10 of the Dungeon
 13017 | D:10     | Identified the +7 falchion of the Devouring Jester {drain,
                  | +Rage rF+ rCorr}
 13136 | D:10     | Noticed a two-headed ogre
 13146 | D:10     | Killed a two-headed ogre
 13589 | D:11     | Reached skill level 12 in Polearms
 13630 | D:11     | Noticed UngaStrats's ghost (journeyman DgFi)
 13661 | D:11     | Found a runed translucent door.
 13890 | D:11     | Reached ***** piety under the Shining One
 13984 | D:11     | Noticed a soul eater
 14131 | D:11     | Found a staircase to the Lair.
 14193 | D:11     | Found Cecafaut's Weapon Shoppe.
 14202 | D:11     | Noticed a two-headed ogre
 14214 | D:11     | Killed a two-headed ogre
 14215 | D:11     | Reached XP level 12. HP: 73/89 MP: 11/21
 14584 | D:11     | Found Zyuh's Magic Scroll Boutique.
 14589 | D:11     | Bought a scroll of teleportation for 42 gold pieces
 14589 | D:11     | Bought a scroll of identify for 28 gold pieces
 14589 | D:11     | Bought a scroll of identify for 28 gold pieces
 14589 | D:11     | Bought a scroll of identify for 28 gold pieces
 14589 | D:11     | Bought a scroll of fog for 28 gold pieces
 14589 | D:11     | Bought a scroll of identify for 28 gold pieces
 14589 | D:11     | Bought a scroll of noise for 14 gold pieces
 14589 | D:11     | Bought a scroll of blinking for 105 gold pieces
 14589 | D:11     | Bought a scroll of enchant weapon for 105 gold pieces
 14695 | D:11     | Found Yciggirch's Assorted Antiques.
 15040 | D:12     | Noticed Sonja
 15047 | D:12     | Killed Sonja
 15048 | D:12     | Reached skill level 13 in Polearms
 15488 | D:12     | Noticed a centaur warrior
 15497 | D:12     | Noticed a two-headed ogre
 15504 | D:12     | Killed a centaur warrior
 15791 | D:12     | Noticed a four-headed hydra
 15803 | D:12     | Killed a four-headed hydra
 15985 | D:12     | Reached skill level 5 in Conjurations
 16093 | D:12     | Found a staircase to the Orcish Mines.
 16154 | D:12     | Noticed a five-headed hydra
 16166 | D:12     | Killed a five-headed hydra
 16415 | D:13     | Reached skill level 10 in Dodging
 16781 | D:13     | Noticed a centaur warrior
 16798 | D:13     | Killed a centaur warrior
 16942 | D:13     | Noticed a centaur warrior
 16952 | D:13     | Killed a centaur warrior
 16953 | D:13     | Reached skill level 14 in Polearms
 17409 | D:13     | Noticed Jorgrun
 17409 | D:13     | Noticed a centaur warrior
 17415 | D:13     | Noticed a rakshasa
 17517 | D:12     | Killed a two-headed ogre
 18071 | Lair:1   | Entered Level 1 of the Lair of Beasts
 18089 | Lair:1   | Reached XP level 13. HP: 88/98 MP: 16/23
 18106 | Lair:1   | Noticed Joseph
 18145 | Lair:1   | Killed Joseph
 19290 | Lair:2   | Found a hole to the Spider Nest.
 20353 | Lair:2   | Reached skill level 15 in Polearms
 20557 | Lair:2   | Noticed Mateji's ghost (journeyman GrEE)
 20557 | Lair:2   | Noticed a minotaur
 20584 | Lair:2   | Found a runed translucent gate.
 20584 | Lair:2   | Found a runed translucent gate.
 20584 | Lair:2   | Found a runed translucent gate.
 21244 | Lair:2   | Identified the +9 spear of Chaos {drain, Fragile rPois
                  | rCorr}
 21715 | Lair:2   | Killed Mateji's ghost
 21728 | Lair:2   | Killed a minotaur
 22476 | D:11     | Killed UngaStrats's ghost
 22477 | D:11     | Reached XP level 14. HP: 97/108 MP: 23/26
 22599 | Orc:1    | Entered Level 1 of the Orcish Mines
 22647 | Orc:1    | Noticed Fannar
 22695 | Orc:1    | Found Fucvady's General Store.
 22706 | Orc:1    | Found Ucutt's Book Boutique.
 22744 | Orc:1    | Found a dark tunnel.
 22753 | Volcano  | Entered a volcano
 23904 | Volcano  | Reached skill level 16 in Polearms
 24064 | Volcano  | Found a radiant altar of Vehumet.
 24455 | Orc:1    | Found Koogo's Magic Scroll Shop.
 24457 | Orc:1    | Noticed Josephine
 24486 | Orc:1    | Killed Josephine
 24523 | Orc:1    | Bought a scroll of identify for 28 gold pieces
 24523 | Orc:1    | Bought a scroll of identify for 28 gold pieces
 24523 | Orc:1    | Bought a scroll of identify for 28 gold pieces
 24523 | Orc:1    | Bought a scroll of identify for 28 gold pieces
 24523 | Orc:1    | Identified a scroll of acquirement
 24527 | Orc:1    | Acquired the ring of Fedhas's Whim {+Blink Fly Will+}
 24552 | Orc:1    | Found Laxaovio's Distillery.
 24817 | Orc:1    | Bought a potion of curing for 36 gold pieces
 24817 | Orc:1    | Bought a potion of heal wounds for 60 gold pieces
 25017 | Orc:1    | Bought the Unrestrained Analects for 616 gold pieces
 25017 | Orc:1    | Bought a book of Sloth for 504 gold pieces
 25023 | Orc:1    | Learned a level 5 spell: Metabolic Englaciation
 25031 | Orc:1    | Learned a level 7 spell: Ozocubu's Refrigeration
 25039 | Orc:2    | Entered Level 2 of the Orcish Mines
 25224 | Orc:1    | Killed Fannar
 25652 | Orc:2    | Noticed Azrael
 25655 | Orc:2    | Reached skill level 1 in Hexes
 25655 | Orc:2    | Killed Azrael
 25958 | Orc:2    | HP: 5/108 [orc knight/bolt (16)]
 26722 | Orc:2    | Found a staircase to the Elven Halls.
 26900 | Orc:2    | Found Dyjimyit's Assorted Antiques.
 26900 | Orc:2    | Found Doodwi Moxt's Magic Scroll Shop.
 26900 | Orc:2    | Found Guustroyc's Jewellery Boutique.
 26903 | Orc:2    | Found Duutoubi's Weapon Shoppe.
 27112 | Orc:2    | Bought a scroll of identify for 26 gold pieces
 27112 | Orc:2    | Bought a scroll of identify for 26 gold pieces
 27112 | Orc:2    | Bought a scroll of identify for 26 gold pieces
 27112 | Orc:2    | Bought a scroll of identify for 26 gold pieces
 27112 | Orc:2    | Bought a scroll of identify for 26 gold pieces
 27382 | D:11     | Reached ****** piety under the Shining One
 28288 | Lair:3   | Found a staircase to the Swamp.
 29050 | Lair:3   | Reached skill level 17 in Polearms
 29181 | Lair:3   | You are sucked into a shaft and drop 1 floor!
 29685 | Lair:4   | Reached XP level 15. HP: 108/115 MP: 21/27
 29998 | Lair:4   | Reached skill level 10 in Fighting
 33065 | Lair:6   | Entered Level 6 of the Lair of Beasts
 33240 | Lair:6   | Found a runed translucent door.
 33241 | Lair:6   | Found a shimmering altar of Xom.
 33241 | Lair:6   | Noticed Froggeryz's ghost (journeyman DgIE)
 33359 | Lair:6   | Reached skill level 15 in Ice Magic
 33738 | Lair:6   | Reached skill level 18 in Polearms
 35318 | Lair:6   | Reached XP level 16. HP: 97/124 MP: 6/29
 36052 | Lair:6   | Found a staircase to the Slime Pits.
 36604 | Lair:6   | Reached skill level 5 in Hexes
 38753 | D:13     | HP: 3/124 [Jorgrun (9)]
 38759 | D:13     | Killed Jorgrun
 39012 | D:13     | Cast into level 2 of the Abyss (a wizard)
 39012 | Abyss:2  | Found a corrupted altar of Lugonu.
 39230 | Abyss:2  | Found an ornate altar of the Wu Jian Council.
 39250 | Abyss:2  | Succumbed to a green very ugly thing's poison

Illustrated notes

Levels and vault maps discovered:
D:1:      elethiomel_arrival_shortcut, layout_basic, basic_ecumenical_altar
D:2:      layout_loops_ring, uniq_robin
D:3:      layout_rooms, mainiacjoe_overflow_catwalk_spiral,
          nicolae_elyvilon_peaceful_grove, minivault_4
D:4:      lemuel_castle_with_subvaults [lemuel_castle_interior_original],
          layout_basic, minmay_temple_entry_poolview, serial_shops,
          kennysheep_mini, grunt_ministairs_15, nicolae_take_the_stairs,
          uniq_sigmund
D:5:      layout_basic, enter_ossuary_4, uniq_eustachio, uniq_grinder,
          uniq_ijyb, uniq_edmund
D:6:      layout_gridville, slow_altar_2
D:7:      layout_loops_ring, kiku_gazebo_garden_becter, enter_bailey_8,
          kennysheep_generic_room_16
D:8:      layout_basic, kennysheep_mini_moat
D:9:      layout_irregular_city, mainiacjoe_overflow_small_starburst,
          grunt_ministairs_6
D:10:     layout_basic
D:11:     layout_stronghold, david_lair_generic, hellmonk_ghost_happy_afterlife,
          serial_shops, kennysheep_little_box, shop,
          nicolae_shop_overgrown_old_shop
D:12:     layout_gridville, orc_0_dummy, uniq_sonja
D:13:     layout_grid_maze, david_vaults_1, uniq_jorgrun
Temple:   regret_index_temple_generic_petals
Lair:1:   layout_chaotic_city, gauntlet_entry_generic, grunt_megastairs_4,
          infiniplex_staircase_pool_2, uniq_joseph
Lair:2:   cheibrodos_lair_river_kwai, layout_loops_ring,
          spider_nest_entry_web_field, maelrawn_ghost_gauntlet_escape,
          cheibrodos_lair_lostbears, grunt_megastairs_2, serial_bayou_shore_b
Lair:3:   layout_cave_pods, swamp_mist_pool, grunt_megastairs_1
Lair:4:   layout_cave_pods, grunt_megastairs_5
Lair:5:   cheibrodos_magma_flow, layout_regular_city
Lair:6:   due_jungle_book, layout_regular_city, dpeg_slime_entry_corner,
          ebering_ghost_xom
Orc:1:    layout_caves, enter_volcano_1, serial_shops, shop_fountains,
          shop_scrolls, shop, shop, uniq_fannar, uniq_josephine
Orc:2:    st_orc_rangers, layout_caves, basic_altar, uniq_azrael
Abyss:2:  base: D:12, hangedman_decor_points, evilmike_abyss_exit_mutagenic,
          gammafunk_abyss_exit_x_factor, gammafunk_abyss_exit_x_factor,
          evilmike_abyss_exit_kraken

Skill      XL: |  1  2  3  4  5  6  7  8  9 10 11 12 13 14 15 16 |
---------------+-------------------------------------------------+-----
Dodging        | 3 4 5 6 7 8 9 10 11 12 13 | 13.4
Ice Magic      | 5 6 7 8 9 11 12 13 14 15 | 15.8
Polearms       | 1 2 4 5 7 9 10 12 14 15 17 18 | 18.9
Spellcasting   | 3 4 5 6 7 8 9 |  9.9
Fighting       | 1 2 4 5 6 8 9 10 11 | 11.1
Conjurations   | 1 2 3 4 5 6 |  6.6
Shields        | 2 4 5 |  5.0
Hexes          | 2 4 5 |  5.4
Stealth        | |  2.1

Action                   |  1- 3 |  4- 6 |  7- 9 | 10-12 | 13-15 | 16-18 || total
-------------------------+-------+-------+-------+-------+-------+-------++-------
Melee: Unarmed           |     4 |       |       |       |       |       ||     4
       Spear             |       |   223 |   415 |   718 |  1557 |   405 ||  3318
       Tailslap          |       |     2 |     1 |     3 |     2 |       ||     8
       Trident           |       |       |       |       |       |    42 ||    42
 Cast: Freeze            |    53 |    11 |     1 |     1 |    18 |     1 ||    85
       Frozen Ramparts   |     1 |    11 |    35 |    63 |   106 |    34 ||   250
       Ozocubu's Armour  |       |     3 |    19 |    49 |    73 |    24 ||   168
       Hailstorm         |       |       |     1 |    15 |    10 |     1 ||    27
       Ozocubu's Refrige |       |       |       |       |    42 |    13 ||    55
       Metabolic Englaci |       |       |       |       |     8 |     3 ||    11
Evoke: Wand              |       |       |       |     1 |     5 |     3 ||     9
  Use: Scroll            |       |       |     5 |    14 |    13 |     2 ||    34
       Potion            |       |       |     1 |       |     1 |     3 ||     5
 Stab: Sleeping          |       |    14 |       |       |       |       ||    14
       Distracted        |       |     1 |       |       |       |       ||     1
Armor: Robe              |     7 |    10 |    21 |    69 |   165 |    54 ||   326
       Skin              |       |       |    22 |       |       |       ||    22
Dodge: Dodged            |    37 |   110 |   164 |   236 |   631 |   178 ||  1356
Block: Other             |       |    32 |    34 |       |       |       ||    66
       Reflection        |       |     3 |     5 |    39 |    48 |     2 ||    97
       Buckler           |       |       |    45 |   229 |   442 |   123 ||   839

Table legend: (Time is in decaauts)
 A = Elapsed time spent in this place.
 B = Non-inter-level travel time spent in this place.
 C = Inter-level travel time spent in this place.
 D = Time resting spent in this place.
 E = Time spent auto-exploring this place.
 F = Levels seen in this place.
 G = Mean time per level.
                   A        B        C        D        E       F      G
               +--------+--------+--------+--------+--------+-----+--------+
         Total |  37776 |  36397 |   1379 |      0 |  29111 |  26 | 1452.9 |
       Dungeon |  18421 |  17537 |    884 |      0 |  14128 |  13 | 1417.0 |
        Temple |    256 |    228 |     28 |      0 |    201 |   1 |  256.0 |
          Lair |  13765 |  13393 |    372 |      0 |  10927 |   6 | 2294.2 |
  Orcish Mines |   3000 |   2905 |     95 |      0 |   2426 |   2 | 1500.0 |
         Abyss |    239 |    239 |      0 |      0 |     16 |   1 |  239.0 |
       Ossuary |    165 |    165 |      0 |      0 |     82 |   1 |  165.0 |
        Bailey |    368 |    368 |      0 |      0 |    155 |   1 |  368.0 |
       Volcano |   1559 |   1559 |      0 |      0 |   1175 |   1 | 1559.0 |
               +--------+--------+--------+--------+--------+-----+--------+

Top non-repeatable levels by time:
  Lair:6: 3936 daAuts
     D:4: 2672 daAuts
  Lair:2: 2480 daAuts
   Orc:1: 2058 daAuts
    D:12: 2035 daAuts
  Lair:5: 1987 daAuts
  Lair:3: 1865 daAuts
    D:11: 1852 daAuts
  Lair:4: 1800 daAuts
  Lair:1: 1694 daAuts
    D:13: 1632 daAuts
 Volcano: 1559 daAuts
     D:7: 1525 daAuts
     D:1: 1396 daAuts
     D:5: 1344 daAuts
